 Dungeon Sprint DCSS version bcrawl-1.29.2 (webtiles) character file.

Game seed: 9464678715332961202

117425 pasperui the Skirmisher (level 2, -4/36 HPs)
             Began as an Ent Wizard on Feb 18, 2021.
             Slain by a human
             ... wielding a +0 trident
              (5 damage)
             ... in the Dungeon (Sprint III: "The Ten Rune Challenge").
             The game lasted 00:02:04 (143 turns).

pasperui the Skirmisher (Ent Wizard)                 Turns: 143, Time: 00:02:05

Health: -4/36      AC:  9    Str: 14    XL:     2   Next: 13%
Magic:  6/6        EV:  9    Int: 18    God:
Gold:   0          SH:  0    Dex:  8    Spells: 5/8 levels left

rFire    . . .     SeeInvis .   a - +0 staff
rCold    . . .     Gourm    .   (no shield)
rNeg     + + +     Faith    .   (armour unavailable)
rPois    +         Spirit   .   b - +0 hat
rElec    .         Reflect  .   (no cloak)
rCorr    .         Harm     .   (gloves unavailable)
MR       .....     NoTele   +   (boots unavailable)
Stlth    ++........             (no amulet)
HPRegen  0.12/turn              (no ring)
MPRegen  0.10/turn              (no ring)

@: very slow
A: large, slow actions, passwall, negative energy resistance 3, poison
resistance, slow metabolism 1, torment resistance, unbreathing, AC +9
a: Passwall


You were in the Dungeon.
You were not hungry.

You visited 1 branch

Inventory:

Hand Weapons
 a - a +0 staff (weapon)
Armour
 b - a +0 hat (worn)
Scrolls
 k - a scroll of blinking
Potions
 c - a potion of flight {unknown}
 d - a potion of brilliance
 f - 2 potions of curing
 g - a potion of heal wounds
 h - a potion of haste
 i - 2 potions of magic
 j - a potion of berserk rage
Comestibles
 e - a ration {!d}


   Skills:
 - Level 4.4 Fighting
 - Level 1.7 Dodging
 - Level 2.4 Stealth
 - Level 3.8 Spellcasting
 - Level 1.0 Conjurations
 + Level 0.7 Summonings
   Level 0.7 Translocations


You had 5 spell levels left.
You knew the following spells:

 Your Spells              Type           Power        Failure   Level  Hunger
a - Magic Dart            Conj           #...         10%         1    None
b - Call Imp              Summ           #.....       17%         2    None

Your spell library contained the following spells:

 Spells                   Type           Power        Failure   Level  Hunger
 Blink                    Tloc           N/A          17%         2    None
 Conjure Flame            Conj/Fire      #.......     36%         3    ###....
 Mephitic Cloud           Conj/Pois/Air  #.......     36%         3    ###....
 Spider Form              Tmut/Pois      Unusable     N/A         3    N/A

Dungeon Overview and Level Annotations

Branches:
Dungeon (1/1)

Altars:


Innate Abilities, Weirdness & Mutations

You move and act slowly.
You can pass through walls and trees.
Your thick bark is tough. (AC +9)
You are too large for most types of armour.
You are immune to negative energy. (rN+++)
Your system is resistant to poisons. (rPois)
You have a slow metabolism.
You are immune to unholy pain and torment.
You can survive without breathing.


Message History

You don't know that spell.
Cast which spell? (? or * to list)
You don't know that spell.
Cast which spell? (? or * to list)
You don't know that spell.
Unknown command.
You barely miss the human.
The human is moderately wounded.
The human barely misses you. The human hits you with a +0 trident.
You barely miss the human.
The human is moderately wounded.
The human hits you with a +0 trident!
* * * LOW HITPOINT WARNING * * *
You closely miss the human.
The human is moderately wounded.
The human barely misses you. The human hits you but does no damage.
You closely miss the human.
The human is moderately wounded.
The human hits you with a +0 trident.
You die...

▓...#......##
▓..##.......#
▓##.##.##...# .#
##.##.###..# ..#
▓#.####.##..# .p.+
▓.###..##..##
#...# ▓#.....##..#
#....#
###..##...##.....#
##..##...@#......#
#..###..##p# #..#
#..#### ▓▓▓▓ ▓▓▓▓


You could see a human.

Vanquished Creatures
  2 oozes (D)
  2 rats (D)
4 creatures vanquished.

Notes
Turn   | Place    | Note
-------+----------+-------------------------------------------
     0 | D        | pasperui the Ent Wizard began the quest for the Orb.
     0 | D        | Reached XP level 1. HP: 18/18 MP: 5/5
    22 | D        | Reached skill level 3 in Fighting
    83 | D        | Reached skill level 4 in Fighting
    83 | D        | Reached XP level 2. HP: 30/36 MP: 6/6
    92 | D        | Learned a level 2 spell: Call Imp
   141 | D        | HP: 1/36 [human/+0 trident (11)]
   143 | D        | Slain by a human

Skill      XL: |  1 |
---------------+----+-----
Fighting       | 4 |  4.4
Dodging        | |  1.7
Stealth        | |  2.4
Spellcasting   | |  3.8
Conjurations   | |  1.0
Summonings     | |  0.7
Translocations | |  0.7

Action                   || total
-------------------------++-------
Melee: Staff             ||    41
 Stab: Sleeping          ||     1
Armor: Skin              ||    26
Dodge: Dodged            ||    22
